Map: Beckett Industries LE

Players

Vanya - Winner!

  • Race: Zerg Zerg
  • League: Master

BlyOnFire (Bly)

  • Race: Zerg Zerg

Event: DreamHack SC2 Masters 2021 Summer

VOD

Have the link to the VOD?

Description

Time

  • Played on: May 22, 2021, 12:52 p.m.
  • Length: 9:20

All games in this series

Show
View Real Time Build Order
Export as new Build Order

Vanya Zerg - Winner!

Build Orders: Pool First 

Get SALT Encoding   

  12  0:00  Drone  
  13  0:12  Overlord  
  13  0:17  Drone  
  14  0:30  Drone x2  
  14  0:34  Drone  
  17  0:44  Spawning Pool  
  17  0:47  Drone  
  17  1:07  Hatchery  
  17  1:10  Drone  
  17  1:12  Extractor  
  17  1:15  Drone  
  17  1:31  Zergling x4  
  17  1:32  Queen  
  21  1:39  Overlord  
  21  1:49  Drone  
  22  1:59  Drone  
  23  2:08  Queen  
  25  2:12  Drone  
  26  2:21  Queen  
  26  2:22  Drone x2  
  29  2:32  Drone, Overlord  
  30  2:39  Drone  
  30  2:42  Drone x2  
  33  2:45  Drone  
  33  2:50  Drone  
  35  2:55  Drone x2  
  36  3:03  Metabolic Boost  
  36  3:04  Drone  
  37  3:14  Overlord  
  37  3:17  Drone x2  
  37  3:19  Evolution Chamber  
  38  3:24  Roach Warren  
  37  3:28  Drone  
  37  3:32  Drone x2  
  40  3:38  Hatchery  
  39  3:44  Drone x2  
  39  3:46  Zerg Ground Armor Level 1  
  41  3:53  Drone x3  
  44  4:01  Overlord  
  44  4:02  Zergling x6  
  47  4:03  Zergling x2  
  47  4:06  Extractor  
  47  4:10  Zergling x2  
  47  4:11  Extractor  
  47  4:14  Drone x3  
  50  4:21  Drone  
  50  4:22  Drone x4  
  55  4:26  Lair  
  55  4:31  Drone  
  56  4:41  Roach  
  56  4:42  Roach  
  56  4:43  Overlord x2  
  59  4:48  Overlord  
  59  4:51  Roach x2  
  63  4:57  Overlord  
  63  4:59  Roach  
  65  5:01  Overlord  
  65  5:04  Roach x3  
  71  5:12  Roach  
  71  5:13  Roach  
  75  5:18  Overlord  
  75  5:21  Drone  
  75  5:22  Drone x3  
  75  5:26  Glial Reconstitution  
  75  5:27  Overseer  
  79  5:37  Roach x6  
  91  5:48  Overlord  
  91  5:49  Roach x4  
  99  5:51  Overlord  
  99  5:55  Roach  
  99  5:56  Zergling x4, Roach  
  105  6:00  Overlord  
  105  6:02  Zergling x2  
  106  6:09  Roach  
  106  6:10  Roach x3  
  114  6:13  Zergling x2  
  114  6:14  Zergling x4  
  117  6:20  Drone  
  117  6:21  Drone  
  117  6:23  Zerg Missile Weapons Level 1  
  118  6:26  Zergling x6  
  118  6:32  Zergling x10  
  126  6:35  Ravager, Overlord  
  126  6:39  Zergling x4  
  126  6:48  Overlord  
  126  6:49  Drone x3  
  134  6:59  Roach  
  134  7:14  Roach x6  
  146  7:17  Overlord x2  
  145  7:24  Overlord  
  145  7:25  Ravager x2  
  145  7:26  Overlord  
  145  7:27  Roach x2  
  144  7:31  Overlord  
  144  7:33  Drone x2  
  144  7:34  Extractor x2  
  143  7:38  Roach x4  
  143  7:39  Overlord x2  
  151  7:49  Roach x3  
  156  7:52  Roach  
  156  7:55  Hatchery  
  156  7:58  Roach  
  159  8:00  Drone  
  159  8:01  Roach x2  
  164  8:08  Roach x4  
  167  8:20  Roach x6  
  167  8:24  Zergling x4, Roach x2  
  168  8:34  Roach x4  
  168  8:45  Roach  
  168  8:46  Roach x3  
  141  8:49  Zergling x4  
  120  8:56  Roach  
Show
View Real Time Build Order
Export as new Build Order

BlyOnFire Zerg 

Build Orders: Pool First 

Get SALT Encoding   

  12  0:00  Drone  
  13  0:12  Overlord  
  13  0:17  Drone  
  14  0:30  Drone x2  
  16  0:40  Spawning Pool  
  15  0:44  Drone  
  15  0:48  Drone  
  17  1:08  Hatchery  
  16  1:13  Drone  
  17  1:20  Extractor  
  16  1:27  Zergling x2  
  16  1:28  Queen  
  19  1:38  Drone x2  
  21  1:43  Overlord  
  21  1:55  Zergling x2  
  22  2:03  Queen  
  22  2:08  Drone  
  25  2:14  Drone  
  26  2:21  Queen  
  28  2:23  Drone x2  
  30  2:33  Drone  
  30  2:34  Overlord  
  31  2:40  Drone x3  
  34  2:49  Overlord  
  34  2:50  Drone  
  34  2:59  Lair  
  34  3:01  Drone x2  
  36  3:06  Drone  
  36  3:10  Drone  
  38  3:15  Drone x3, Evolution Chamber  
  40  3:22  Roach Warren  
  40  3:25  Drone  
  40  3:26  Drone  
  41  3:35  Drone  
  41  3:36  Drone x4  
  41  3:40  Zerg Missile Weapons Level 1  
  46  3:42  Extractor  
  46  3:43  Extractor  
  43  3:51  Drone x3  
  43  3:52  Drone  
  47  3:57  Evolution Chamber  
  47  3:59  Drone x2  
  47  4:01  Overseer  
  47  4:02  Extractor  
  47  4:03  Glial Reconstitution  
  47  4:12  Drone x4  
  51  4:28  Overlord x2  
  51  4:29  Overlord  
  51  4:47  Zerg Ground Armor Level 1, Overlord x2  
  51  4:49  Roach x7  
  65  4:57  Roach  
  65  4:59  Overlord  
  67  5:00  Overlord  
  67  5:10  Roach x2  
  67  5:11  Roach x3  
  77  5:17  Roach x2  
  81  5:25  Roach  
  83  5:30  Roach  
  85  5:36  Overseer  
  85  5:37  Roach  
  85  5:38  Roach x5  
  97  5:48  Hatchery  
  96  5:52  Overlord  
  96  5:55  Zerg Missile Weapons Level 2  
  96  6:01  Overlord  
  96  6:14  Roach x6  
  108  6:20  Overlord  
  108  6:21  Ravager x3  
  113  6:25  Roach  
  113  6:26  Roach  
  113  6:31  Overlord x2  
  115  6:48  Roach x4  
  115  6:50  Overlord  
  123  7:03  Roach x6  
  129  7:09  Drone x2  
  129  7:11  Hatchery  
  129  7:13  Nydus Network  
  129  7:20  Overseer  
  129  7:26  Roach x5  
  139  7:31  Roach x2  
  143  7:46  Roach x2  
  147  7:56  Nydus Canal  
  147  8:04  Overlord x2  
  147  8:05  Overlord  
  147  8:13  Overlord  
  147  8:15  Nydus Canal  
  144  8:23  Ravager  
  144  8:24  Ravager x5  
  139  8:35  Zergling x2  
  139  8:36  Zergling x28  
  137  8:47  Roach Warren  
Tags
 
Add a new tag
Caveats
  • Supply blocks, unpowered buildings, or Contaminate may cause inaccurate times.
  • Supply counts are checked every 10 seconds.